 Dungeon Crawl Stone Soup version 0.20-a0-553-g9f38e11 (webtiles) character file.

376 drasked the Magician (level 6, -2/28 HPs)
             Began as a Spriggan Venom Mage on Feb 3, 2017.
             Was an Initiate of Vehumet.
             Slain by an orc (3 damage)
             ... on level 5 of the Dungeon.
             The game lasted 00:21:04 (5502 turns).

drasked the Magician (Spriggan Venom Mage)          Turns: 5502, Time: 00:21:06

Health: -2/28      AC:  2    Str:  4    XL:     6   Next: 44%
Magic:  8/14       EV: 18    Int: 18    God:    Vehumet [......]
Gold:   137        SH:  0    Dex: 17    Spells: 8/15 levels left

rFire    . . .     SeeInvis +   t - +0 dagger (venom)
rCold    . . .     Gourm    .   a - +0 robe
rNeg     . . .     Faith    .   (shield restricted)
rPois    .         Spirit   .   (helmet restricted)
rElec    .         Reflect  .   (no cloak)
rCorr    .         Harm     .   (gloves unavailable)
MR       +....                  (boots unavailable)
Stlth    ++........             (no amulet)
Regen    0.1/turn               (no ring)
                                (no ring)

@: very quick
A: unfitting armour, see invisible, herbivore 3, speed 3, slow metabolism 2
a: Renounce Religion


You were on level 5 of the Dungeon.
You worshipped Vehumet.
Vehumet was noncommittal.
You were not hungry.

You visited 2 branches of the dungeon, and saw 6 of its levels.

You collected 137 gold pieces.

Inventory:

Hand Weapons
 t - a +0 dagger of venom (weapon)
   (You took it off a kobold on level 3 of the Dungeon)
Missiles
 h - 2 curare-tipped needles
Armour
 a - a +0 robe (worn)
Jewellery
 l - an uncursed ring of flight {unknown}
   (You found it on level 1 of the Dungeon)
 s - a +3 ring of protection {unknown}
   (You found it on level 3 of the Dungeon)
 x - an uncursed amulet of rage {unknown}
   (You found it on level 4 of the Dungeon)
 z - an uncursed ring of ice {unknown}
   (You found it on level 4 of the Dungeon)
Scrolls
 c - 2 scrolls of remove curse {unknown}
 d - 10 scrolls of identify {unknown}
 i - a scroll of immolation {unknown}
 k - 2 scrolls of recharging {unknown}
 m - a scroll of enchant armour {unknown}
 n - 2 scrolls of fog {unknown}
 o - a scroll of amnesia {unknown}
 q - 3 scrolls of teleportation {unknown}
 u - a scroll of enchant weapon {unknown}
 y - a scroll of fear {unknown}
 A - a scroll of blinking {unknown}
Potions
 e - 3 potions of curing
 f - 2 potions of magic {unknown}
 g - 3 potions of might {unknown}
 j - 3 potions of agility {unknown}
 p - a potion of flight {unknown}
 r - a potion of heal wounds {unknown}
 B - 2 potions of lignification {unknown}
Books
 b - a Young Poisoner's Handbook
Comestibles
 v - a bread ration {@e1}
 w - a fruit


   Skills:
 - Level 3.0 Dodging
 - Level 3.0 Stealth
 + Level 5.3 Spellcasting
 - Level 1.6 Conjurations
 + Level 2.5 Air Magic
 + Level 4.8 Poison Magic


You had 8 spell levels left.
You knew the following spells:

 Your Spells              Type           Power        Failure   Level  Hunger
a - Sting                 Conj/Pois      ###.         3%          1    None
b - Poisonous Vapours     Pois/Air       ###...       4%          2    #......
c - Olgreb's Toxic Radia  Pois           ###.....     21%         4    ####...


Dungeon Overview and Level Annotations

Branches:
Dungeon (5/15)             Temple (1/1) D:4

Altars:
Ashenzari
Dithmenos
Fedhas
Hepliaklqana
Makhleb
Okawaru
Qazlal
Ru
Trog
Uskayaw
Vehumet
Xom
Yredelemnul
Zin
The Shining One


Innate Abilities, Weirdness & Mutations

You are very small and have problems with some larger weapons.
You are too small for most types of armour.
You have supernaturally acute eyesight. (SInv)
You are a herbivore.
You cover ground extremely quickly.
You need consume almost no food.


Message History

MASSIVE DAMAGE!!
You feel sick.
You take 1 damage, and have 16/28 hp.
You feel sick.
You take 1 damage, and have 15/28 hp.
You feel sick.
You take 1 damage, and have 14/28 hp.
You feel sick.
You take 1 damage, and have 13/28 hp.
Found a bread ration.
Found a stormy altar of Qazlal.
You feel sick.
Found a pitted spear, a whip, a royal jelly and 8 gold pieces.
Found a stone staircase leading up.
You feel sick.
You take 1 damage, and have 12/28 hp.
You see here a whip.
You feel sick.
You take 1 damage, and have 11/28 hp.
You feel sick.
Found a stone staircase leading down.
You take 1 damage, and have 10/28 hp.
Aim: a water moccasin (lightly wounded)
The sting hits the water moccasin.
The water moccasin completely resists.
You feel sick.
You take 1 damage, and have 9/28 hp.
You now have 8/14 mp.
You feel sick.
You take 1 damage, and have 8/28 hp.
Aim: a water moccasin (lightly wounded)
The sting hits the water moccasin.
The water moccasin completely resists.
You now have 7/14 mp.
You feel sick.
You take 1 damage, and have 8/28 hp.
You feel sick.
You take 1 damage, and have 7/28 hp.
Aim: a water moccasin (lightly wounded) But poisonous clouds would do no harm to the water moccasin!
You feel sick.
You take 1 damage, and have 6/28 hp.
You feel sick.
You take 1 damage, and have 6/28 hp.
You see here 12 gold pieces.
You feel sick.
You are no longer poisoned.
You take 1 damage, and have 5/28 hp.
The dart slug barely misses you. The dart slug launches a dart at you.
The slug dart misses you.
A leopard gecko comes into view.
The leopard gecko hisses angrily.
Aim: a leopard gecko Poisonous vapours surround the leopard gecko!
The leopard gecko is engulfed in poison gas.
The leopard gecko is poisoned.
You now have 10/14 mp.
You kill the leopard gecko!
Vehumet accepts your kill.
You can't see any susceptible monsters within range! (Use Z to cast anyway.)
You can't see any susceptible monsters within range! (Use Z to cast anyway.)
You can't see any susceptible monsters within range! (Use Z to cast anyway.)
Aim: a water moccasin The sting hits the water moccasin.
Aim: a water moccasin (lightly wounded)
The sting hits the water moccasin.
The water moccasin appears unharmed.
You now have 10/14 mp.
Aim: a water moccasin (lightly wounded)
The sting hits the water moccasin.
You now have 9/14 mp.
You see here a whip.
An orc wizard comes into view. It is wielding a dagger.
The orc wizard moves out of view.
An orc comes into view. It is wielding a club.
An orc comes into view.
The orc wizard shouts!
Aim: an orc wizard, wielding a dagger and wearing a robe Poisonous vapours surround the orc wizard!
The orc shouts!
The orc wizard is engulfed in poison gas.
The orc wizard is poisoned.
You now have 9/14 mp.
An orc and an orc priest come into view.
The orc moves out of view.
The orc priest shouts!
The orc closely misses you.
Aim: an orc priest, wielding a trident and wearing a leather armour Poisonous vapours surround the orc priest!
The orc shouts!
You kill the orc wizard!
Vehumet accepts your kill. The orc barely misses you.
The orc priest is engulfed in poison gas.
The orc priest is poisoned.
The orc priest calls down the wrath of Beogh upon you.
You resist with significant effort.
You now have 8/14 mp.
The orc priest mumbles some strange prayers to Beogh against you.
Pain shoots through your body!
* * * LOW HITPOINT WARNING * * *
You take 9 damage, and have 1/28 hp.
MASSIVE DAMAGE!!
The orc hits you.
You die...

#...#....+ #...#....# #..$#....#
..#...#....# #...#....#
..#.#.#....# ##...#....#
.#Z#.#....# .....#.#..#
.#.#.#....# ##...#.#..#
###..#.#Z...# #....#.#...
....#.#.....
#..w.#.################.##†#....#
#....#.....$....@.S........#Z..>#
#....#.......?...ooo.......#....#
#....#..≈≈.≈≈....o.........#....#
..!..##.≈#+#≈##...'...Z##+##...[#
##......≈# #≈....†....).........#
#......≈#+#≈...................#
#......≈≈.≈≈...................#
#..............................#
##.#############################


You could see a water moccasin, an orc priest, 3 orcs and an adder zombie.

Vanquished Creatures
  A bullfrog (D:4)
  A scorpion (D:4)
  Terence (D:2)
  A worker ant (D:4)
  An orc wizard (D:5)
  8 adders
  2 oozes
  2 worms
  3 dart slugs
  5 leopard geckos
  5 ball pythons
  4 giant cockroaches
  11 goblins
  10 hobgoblins
  9 jackals
  8 bats
  2 frilled lizards
  12 kobolds
  A quokka skeleton (D:4)
  5 rats
92 creatures vanquished.

Notes
Turn   | Place    | Note
-------+----------+-------------------------------------------
     0 | D:1      | drasked the Spriggan Venom Mage began the quest for the Orb.
     0 | D:1      | Reached XP level 1. HP: 9/9 MP: 5/5
   487 | D:1      | Reached skill level 3 in Spellcasting
   497 | D:1      | Reached XP level 2. HP: 13/13 MP: 2/7
   501 | D:1      | Learned a level 2 spell: Poisonous Vapours
  1150 | D:1      | Reached skill level 1 in Conjurations
  1411 | D:1      | Reached XP level 3. HP: 16/16 MP: 6/9
  2367 | D:2      | Reached XP level 4. HP: 20/21 MP: 1/10
  2373 | D:2      | Learned a level 4 spell: Olgreb's Toxic Radiance
  2550 | D:2      | HP: 4/21 [ooze (4)]
  2553 | D:2      | Reached skill level 4 in Spellcasting
  2841 | D:2      | Noticed Terence
  2852 | D:2      | Killed Terence
  2852 | D:2      | Reached skill level 4 in Poison Magic
  3065 | D:2      | Reached skill level 1 in Air Magic
  3329 | D:3      | Reached XP level 5. HP: 24/24 MP: 9/12
  3993 | D:4      | Found a staircase to the Ecumenical Temple.
  4005 | Temple   | Entered the Ecumenical Temple
  4235 | Temple   | Became a worshipper of Vehumet
  4496 | D:4      | Reached skill level 2 in Air Magic
  4614 | D:4      | murphy: hi
  4617 | D:4      | murphy: SpVm
  4617 | D:4      | Reached XP level 6. HP: 28/28 MP: 8/14
  4618 | D:4      | murphy: insteresting
  4636 | D:4      | murphy: let's see how that plays out
  4791 | D:4      | Reached skill level 5 in Spellcasting
  5258 | D:5      | Entered Level 5 of the Dungeon
  5318 | D:5      | Noticed a water moccasin
  5373 | D:5      | Found a stormy altar of Qazlal.
  5397 | D:5      | HP: 7/28 [poisoned by a water moccasin]
  5404 | D:5      | HP: 6/28 [poisoned by a water moccasin]
  5410 | D:5      | HP: 6/28 [poisoned by a water moccasin]
  5417 | D:5      | HP: 5/28 [poisoned by a water moccasin]
  5499 | D:5      | HP: 1/28 [orc priest/nerve-wracking pain (9)]
  5502 | D:5      | Slain by an orc

Vault maps used:
D:1:      dpeg_arrival_ternary
D:2:      uniq_terence
D:4:      minmay_temple_entry_junction_2
D:5:      serial_shops, kennysheep_mini_moat, first_bread, basic_altar
Temple:   regret_index_temple_generic_petals

Skill      XL: |  1  2  3  4  5  6 |
---------------+-------------------+-----
Spellcasting   | 3 4 5 |  5.3
Conjurations   | 1 |  1.6
Poison Magic   | 4 |  4.8
Air Magic      | 1 2 |  2.5
Dodging        | |  3.0
Stealth        | |  3.0

Action                   |  1- 3 |  4- 6 || total
-------------------------+-------+-------++-------
Melee: Dagger            |    20 |    29 ||    49
 Cast: Sting             |    76 |   103 ||   179
       Poisonous Vapours |    30 |    30 ||    60
  Eat: Bread ration      |     1 |       ||     1
Armor: Robe              |     4 |     7 ||    11
Dodge: Dodged            |    40 |    55 ||    95

Vault maps used:
D:1:      dpeg_arrival_ternary
D:2:      uniq_terence
D:4:      minmay_temple_entry_junction_2
D:5:      serial_shops, kennysheep_mini_moat, first_bread, basic_altar
Temple:   regret_index_temple_generic_petals

Table legend:
 A = Turns spent in this place as a percentage of turns spent in the entire game.
 B = Non-inter-level travel turns spent in this place as a percentage of non-inter-level travel turns spent in the entire game.
 C = Inter-level travel turns spent in this place as a percentage of turns spent in this place.
 D = Turns resting spent in this place as a percentage of non-inter-level travel turns spent in this place.
 E = Turns spent auto-exploring this place as a percentage of non-inter-level travel turns spent in this place.
 F = Non-inter-level travel turns spent in this place divided by the number of levels of this place that you've seen.
                   A       B       C       D       E      F
               +-------+-------+-------+-------+-------+----------------------
         Total | 100.0 | 100.0 |   0.5 |   5.4 |   7.7 | 307.7
       Dungeon |  97.8 |  97.9 |   0.5 |   5.5 |   7.0 | 361.4
        Temple |   2.2 |   2.1 |   2.5 |   0.0 |  41.0 |  39.0
               +-------+-------+-------+-------+-------+----------------------

Table legend:
 A = Kills in this place as a percentage of kills in entire the game.
 B = Kills by you in this place as a percentage of kills by you in the entire game.
 C = Kills by friends in this place as a percentage of kills by friends in the entire game.
 D = Other kills in this place as a percentage of other kills in the entire game.
 E = Experience gained in this place as a percentage of experience gained in the entire game.
 F = Experience gained in this place divided by the number of levels of this place that you have seen.
                   A       B       C       D       E      F
               +-------+-------+-------+-------+-------+----------------------
         Total | 100.0 | 100.0 |  -nan |  -nan | 100.0 |  89.7
       Dungeon | 100.0 | 100.0 |  -nan |  -nan | 100.0 | 107.6
               +-------+-------+-------+-------+-------+----------------------
